 Dungeon Crawl Stone Soup version 0.30.1-9-gdf580d7c3d (webtiles) character file.

Game seed: 12566577258267650484

5 Stomo the Gusty (level 1, -1/9 HPs)
             Began as a Vine Stalker Air Elementalist on Oct 21, 2023.
             Slain by a quokka (2 damage)
             ... on level 1 of the Dungeon.
             The game lasted 00:00:31 (270 turns).

Stomo the Gusty (Vine Stalker Air Elementalist)      Turns: 270, Time: 00:00:32

Health: -1/9       AC:  2    Str: 10    XL:     1   Next: 80%
Magic:  0/4        EV: 12    Int: 15    God:
Gold:   17         SH:  0    Dex: 14    Spells: 3/4 levels left

rFire   . . .        (no weapon)
rCold   . . .        (no shield)
rNeg    . . .        a - +0 robe
rPois   .            (no helmet)
rElec   .            (no cloak)
rCorr   .            (no gloves)
SInv    .            (no boots)
Will    .....        (no amulet)
Stlth   ++           (no ring)
HPRegen 0.21/turn    (no ring)
MPRegen 0.09/turn

%: guardian spirit
@: no status effects
A: fangs 2, magic shield, antimagic bite, no potion heal 2
a: no special abilities


You were on level 1 of the Dungeon.
You visited 1 branch of the dungeon, and saw 1 of its levels.

You collected 17 gold pieces.

Inventory:

Armour
 a - a +0 robe (worn)
Scrolls
 c - a scroll of immolation {unknown}
 d - a scroll of teleportation
Potions
 b - a potion of magic


   Skills:
 + Level 0.3 Fighting
 + Level 1.7 Dodging
 - Level 2.4 Stealth
 + Level 2.3 Spellcasting
 - Level 1.0 Conjurations
 + Level 3.1 Air Magic


You had 3 spell levels left.
You knew the following spells:

 Your Spells              Type           Power      Damage    Failure   Level
a - Shock                 Conj/Air       28%        1d4       10%         1

Your spell library contained the following spells:

 Spells                   Type           Power      Damage    Failure   Level
 Static Discharge         Conj/Air       14%        2-3/arc   14%         2
 Swiftness                Air            11%        N/A       19%         3
 Cigotuvi's Dreadful Rot  Necr/Pois/Air  8%         N/A       22%         2
 Airstrike                Air            5%         2d(1-17)  52%         4
 Dispel Undead            Necr           1%         3d6       91%         4
 Death Channel            Necr           0%         N/A       100%        6


Dungeon Overview and Level Annotations

Branches:
Dungeon (1/15)

Altars:

Shops:
D:1 :


Innate Abilities, Weirdness & Mutations

You have extremely sharp teeth.
When hurt, damage is shared between your health and your magic reserves.
Your bite disrupts and absorbs the magic of your enemies.
Potions cannot restore your health.


Message History

Confirm with . or Enter, or press ? or * to list all spells.
Aiming: Shock (safe; 10% risk of failure)
Press: ? - help, Shift-Dir - straight line, f/p - quokka
Aim: a quokka (56% to hit)
The zap hits the quokka.
The quokka is moderately wounded.
The quokka bites you.
Casting: Shock (safe; 10% risk of failure)
Confirm with . or Enter, or press ? or * to list all spells.
Aiming: Shock (safe; 10% risk of failure)
Press: ? - help, Shift-Dir - straight line, f/p - quokka
Aim: a quokka (moderately wounded, 56% to hit)
The zap hits the quokka.
The quokka is heavily wounded.
The zap misses the bat.
The quokka misses you.
Casting: Shock (safe; 10% risk of failure)
Confirm with . or Enter, or press ? or * to list all spells.
Aiming: Shock (safe; 10% risk of failure)
Press: ? - help, Shift-Dir - straight line, f - bat, p - quokka
Aim: a bat (52% to hit)
The zap hits the quokka.
The quokka is severely wounded.
The zap hits the bat.
You kill the bat!
The quokka bites you.
You hit the quokka. Your bite misses the quokka.
The quokka is almost dead.
The quokka bites you.
You closely miss the quokka.
The quokka is almost dead.
The quokka closely misses you. The quokka bites you.
You closely miss the quokka.
The quokka is almost dead.
The quokka bites you but does no damage.
The quokka attacks as you move away! The quokka barely misses you.
The quokka attacks as you move away! The quokka bites you.
* * * LOW HITPOINT WARNING * * *
The quokka twitches its whiskers.
The quokka bites you.
You die...

####### .$.# #.....# ...#
####.[...# ...# #........#
... #.##.....# .. #.##†....#
†# #.###.###########.#
#...#.†.....@r....#
###.######≈≈≈≈≈≈≈≈≈## #
##.....##≈#######≈#~♣~ ####
#........≈#.§§§8####8####8..
#........≈#§§§§§+.......'...
#........≈#8§§§8##8#'#8##8..
#........≈###§######'######'
#........≈#~#§##♣♣.....♣♣##.
######.##≈♣♣8§#♣~.......~♣#.


You could see a quokka.

Vanquished Creatures
  A dart slug (D:1)
  A bat (D:1)
  A hobgoblin (D:1)
3 creatures vanquished.

Notes
Turn   | Place    | Note
-------+----------+-------------------------------------------
     0 | D:1      | Stomo the Vine Stalker Air Elementalist began the quest for
                  | the Orb.
     0 | D:1      | Reached XP level 1. HP: 9/9 MP: 4/4
    54 | D:1      | Found Coh Xury's Book Boutique.
   270 | D:1      | Slain by a quokka

Illustrated notes

Levels and vault maps discovered:
D:1:      saegor_arrival_fortress, layout_basic, serial_shops, shop

Action                     || total
---------------------------++-------
  Melee: Unarmed           ||     5
         Bite              ||     1
   Cast: Shock             ||     7
    Use: Scroll            ||     3
 Armour: Robe              ||     3
  Dodge: Dodged            ||     3
